 Dungeon Crawl Stone Soup version 0.21-a0-442-g848f44b (webtiles) character file.

532 theanonym the Poker (level 7, -4/52 HPs)
             Began as a Formicid Fighter on Nov 15, 2017.
             Killed by divine providence
             ... invoked by an orc priest
              (12 damage)
             ... on level 4 of the Dungeon.
             The game lasted 00:07:40 (4205 turns).

theanonym the Poker (Formicid Fighter)              Turns: 4205, Time: 00:07:41

Health: -4/52      AC: 10    Str: 25    XL:     7   Next: 49%
Magic:  7/7        EV:  6    Int: 10    God:
Gold:   165        SH:  0    Dex: 10    Spells: 6/6 levels left

rFire    . . .     SeeInvis +   a - +0 trident
rCold    . . .     Gourm    .   c - +0 shield
rNeg     + . .     Faith    .   u - +0 chain mail
rPois    .         Spirit   .   (helmet unavailable)
rElec    .         Reflect  .   (no cloak)
rCorr    .         Harm     .   (no gloves)
MR       .....                  j - +0 pair of boots
Stlth    ..........             (no amulet)
HPRegen  0.17/turn              s - ring of positive energy {rN+}
MPRegen  0.10/turn              (no ring)

@: confused, mighty, lethally poisoned (-4 -> -6)
A: permanent stasis, dig shafts and tunnels, four strong arms, antennae 3,
mutation resistance 1, no potion heal 1
a: Dig, Shaft Self


Innate Abilities, Weirdness & Mutations

You cannot be hasted, slowed, berserked, paralysed or teleported.
You can dig through walls and to a lower floor.
Your four strong arms can wield two-handed weapons with a shield.
You have a pair of large antennae on your head. (SInv)
You are somewhat resistant to further mutation.
Potions are less effective at restoring your health.


   Skills:
 + Level 3.3 Fighting
 * Level 7.7 Polearms
 - Level 3.2 Armour
 - Level 3.6 Shields


You had 6 spell levels left.
You didn't know any spells.

Skill      XL: |  1  2  3  4  5  6 |
---------------+-------------------+-----
Polearms       | 3 4 5 7 |  7.7
Fighting       | |  3.3
Armour         | |  3.2
Shields        | |  3.6

Action                   |  1- 3 |  4- 6 |  7- 9 || total
-------------------------+-------+-------+-------++-------
Melee: Trident           |    92 |   212 |    73 ||   377
 Abil: Dig               |       |     1 |     1 ||     2
  Use: Scroll            |       |     3 |     3 ||     6
       Potion            |       |       |     2 ||     2
  Eat: Fruit             |       |     2 |     2 ||     4
       Chunk             |       |     5 |     2 ||     7
Armor: Scale mail        |    27 |    70 |       ||    97
       Chain mail        |       |       |    27 ||    27
Dodge: Dodged            |    17 |    53 |     9 ||    79
Block: Shield            |    31 |    88 |    23 ||   142

Inventory:

Hand Weapons
 a - a +0 trident (weapon)
Missiles
 l - 46 bolts
 o - 65 arrows
Armour
 c - a +0 shield (worn)
 e - a +0 scale mail
 j - a +0 pair of boots (worn)
   (You found it on level 1 of the Dungeon)
 u - a +0 chain mail (worn)
   (You took it off an orc priest on level 3 of the Dungeon)
Jewellery
 s - a ring of positive energy (left hand) {rN+}
   (You found it on level 2 of the Dungeon)
Scrolls
 f - a scroll of fog {!r}
 g - a scroll of amnesia
 h - a scroll of enchant armour
 p - a scroll of recharging {unknown}
 r - 3 scrolls of identify
 t - 4 scrolls of teleportation {!r}
Potions
 b - a potion of mutation
 d - 6 potions of might
Books
 i - a book of Minor Magic
   (You found it on level 4 of the Dungeon)

   Spells                             Type                      Level
   a - Magic Dart                     Conjuration                  1
   b - Blink                          Translocation                2
   c - Call Imp                       Summoning                    2
   d - Slow                           Hexes                        2
   e - Conjure Flame                  Conjuration/Fire             3
   f - Mephitic Cloud                 Conjuration/Poison/Air       3
Comestibles
 k - a meat ration
 m - 5 fruits
 n - 2 bread rations
 q - a royal jelly

Dungeon Overview and Level Annotations

Branches:
Dungeon (4/15)
 Temple: D:4-7

Altars:


You were on level 4 of the Dungeon.
You were hungry.

You visited 1 branch of the dungeon, and saw 4 of its levels.

You collected 165 gold pieces.


Message History

The adder bites you but does no damage.
Your shield and chain mail prevent you from hitting the adder.
The adder bites you.
You take 2 damage, and have 50/52 hp.
You puncture the adder!
You kill the adder!
No target in view!
No target in view!
No target in view!
i - a book of Minor Magic Health restored: 52
Found a dagger.
No target in view!
You now have 146 gold pieces (gained 11).
You see here a dagger.
You now have 152 gold pieces (gained 6).
You open the door.
There is an open door here.
There is an open door here.
There is an open door here.
You are feeling hungry.
Search for what [Enter for "plate || polearm || bow", or ? for help]?
Unknown command.
There is an open door here.
p - a scroll labeled APA DAKI VEAST You now have 165 gold pieces (gained 13).
You sense a monster nearby.
An orc and an orc priest come into view.
The orc priest shouts!
Found a glowing falchion.
You extend your mandibles.
You dig through the rock wall.
The orc priest mumbles some strange prayers to Beogh against you.
Beogh smites you!
An orc wizard comes into view. It is wielding a dagger of venom.
You take 10 damage, and have 42/52 hp.
You dig through the rock wall.
A bullfrog comes into view.
You retract your mandibles.
You start resting.
You barely miss the orc. The orc hits you but does no damage.
You hit the orc.
Your shield and chain mail prevent you from hitting the orc.
The orc hits you but does no damage.
The orc priest hits you but does no damage.
You closely miss the orc. You block the orc's attack.
The orc priest hits you but does no damage.
You barely miss the orc. The orc hits you but does no damage.
The orc priest hits you with a whip.
You take 2 damage, and have 41/52 hp.
You puncture the orc!
You kill the orc!
You hit the orc wizard. You block the orc priest's attack.
You puncture the orc wizard! You block the orc wizard's attack.
The orc priest hits you but does no damage.
You barely miss the orc wizard.
The orc wizard mumbles some strange words.
The orc wizard flickers and vanishes for a moment.
You block the orc priest's attack.
The orc wizard points at you and mumbles some strange words.
The puff of flame hits you!
You take 7 damage, and have 35/52 hp.
You hit the orc wizard but do no damage.
The orc priest calls down the wrath of Beogh upon you.
Beogh smites you!
* * * LOW HITPOINT WARNING * * *
The orc wizard barely misses you.
You take 13 damage, and have 22/52 hp.
MASSIVE DAMAGE!!
You closely miss the orc wizard.
The orc priest mumbles some strange prayers to Beogh against you.
Beogh smites you!
* * * LOW HITPOINT WARNING * * *
The orc wizard points at you and mumbles some strange words.
You are confused.
You hear a loud, deep croak!
A jackal skeleton comes into view.
You take 8 damage, and have 14/52 hp.
It was a potion of mutation.
You feel extremely strange.
Your system partially rejects the healing effects of potions.
You feel genetically stable.
The orc priest hits you but does no damage.
The orc wizard hits you but does no damage.
You feel very mighty all of a sudden.
The orc priest mumbles some strange prayers to Beogh against you.
Pain shoots through your body!
* * * LOW HITPOINT WARNING * * *
The orc wizard hits you with a dagger of venom.
* * * LOW HITPOINT WARNING * * *
You are poisoned.
You take 6 damage, and have 9/52 hp.
You bump into the rock wall.
You feel sick.
The orc priest hits you but does no damage.
The orc wizard casts a spell at you.
You easily resist.
You hear a croak.
You take 1 damage, and have 8/52 hp.
You bump into the rock wall.
The orc priest calls down the wrath of Beogh upon you.
Beogh smites you!
You die...

.# #..# .#
... ##.#
#... ...#
#.## #..#
...# #..#
#..# ..
##.##
..### #..#
....
##.###.#
#..#oo#
##{.#@#
#.##.#
#.##Z#
..##.#
....#.#
.....#.#
o.....#.#
#........#
#...).#.


You could see an orc priest, an orc wizard (invisible) and a jackal skeleton.

Notes
Turn   | Place    | Note
-------+----------+-------------------------------------------
     0 | D:1      | theanonym the Formicid Fighter began the quest for the Orb.
     0 | D:1      | Reached XP level 1. HP: 18/18 MP: 1/1
    59 | D:1      | Reached XP level 2. HP: 24/24 MP: 2/2
   118 | D:1      | Reached skill level 3 in Polearms
   174 | D:1      | Reached XP level 3. HP: 25/29 MP: 3/3
  1177 | D:2      | Reached skill level 4 in Polearms
  1177 | D:2      | Reached XP level 4. HP: 35/35 MP: 4/4
  1640 | D:2      | Noticed Natasha
  1644 | D:2      | HP: 15/35 [Natasha/magic dart (7)]
  1649 | D:2      | Killed Natasha
  1840 | D:2      | Noticed Natasha
  1879 | D:2      | Killed Natasha
  1879 | D:2      | Reached skill level 5 in Polearms
  1879 | D:2      | Reached XP level 5. HP: 24/41 MP: 5/5
  2441 | D:3      | Reached XP level 6. HP: 47/47 MP: 6/6
  2556 | D:3      | Reached skill level 6 in Polearms
  2815 | D:3      | HP: 23/47 [goblin/stone (2)]
  2822 | D:3      | HP: 19/47 [ooze (3)]
  3078 | D:3      | Reached skill level 7 in Polearms
  3078 | D:3      | Reached XP level 7. HP: 47/52 MP: 7/7
  3801 | D:4      | HP: 17/52 [ogre/giant club (18)]
  4200 | D:4      | HP: 22/52 [orc priest/divine providence (13)]
  4202 | D:4      | Gained mutation: Potions are less effective at restoring your health. [potion of mutation]
  4202 | D:4      | Gained mutation: You are somewhat resistant to further mutation. [potion of mutation]
  4203 | D:4      | HP: 10/52 [orc priest/nerve-wracking pain (5)]
  4205 | D:4      | Killed from afar by an orc priest

Vanquished Creatures
  An ogre (D:4)
  A centaur (D:3)
  2 orc priests (D:3)
  2 orc wizards (D:3)
  A bullfrog skeleton (D:4)
  Natasha (twice) (D:2)
  6 adders
  3 oozes
  An adder skeleton (D:4)
  2 worms
  3 dart slugs
  2 leopard geckos (D:3)
  16 orcs
  5 ball pythons
  5 bats (D:1)
  4 giant cockroaches
  4 goblins
  8 hobgoblins
  3 jackals (D:1)
  3 quokkas (D:3)
  4 frilled lizards
  11 kobolds
  9 rats
98 creatures vanquished.

Vanquished Creatures (others)
  2 plants (D:3)
2 creatures vanquished.

Grand Total: 100 creatures vanquished
